 Dungeon Crawl Stone Soup version 0.31-a0-358-gac0dbeb3ab (webtiles) character file.

Game seed: 4473634655594493612

3386 randomguy2701 the Protected (level 9, -7/78 HPs)
             Began as a Minotaur Fighter on July 25, 2023.
             Was a Priest of Fedhas.
             Mangled by a two-headed ogre
             ... wielding a +0 giant club
              (22 damage)
             ... on level 8 of the Dungeon.
             The game lasted 00:17:18 (7936 turns).

randomguy2701 the Protected (Minotaur Fighter)      Turns: 7936, Time: 00:17:20

Health: -7/78      AC: 13    Str: 21    XL:     9   Next: 74%
Magic:  11/11      EV: 10    Int:  7    God:    Fedhas [***...]
Gold:   352        SH:  7    Dex: 23    Spells: 8/8 levels left

rFire   + . .        s - +2 whip of the Abyss {freeze, rF+ rCorr}
rCold   . . .        c - +0 buckler
rNeg    + . .        J - +1 chain mail of Vampiric Thralls {rPois Int+2 Dex+3 Stlth-}
rPois   +            (helmet restricted)
rElec   .            (no cloak)
rCorr   +            p - +0 pair of gloves
SInv    .            (no boots)
Will    .....        O - amulet of regeneration Stlth
                     z - ring of positive energy
HPRegen 1.13/turn    G - +6 ring of dexterity
MPRegen 0.12/turn

%: no passive effects
@: no status effects
A: horns 2, retaliatory headbutt
a: Renounce Religion, Wall of Briars, Grow Ballistomycete


You were on level 8 of the Dungeon.
You worshipped Fedhas.
Fedhas was most pleased with you.
You visited 1 branch of the dungeon, and saw 10 of its levels.

You collected 352 gold pieces.

Inventory:

Hand Weapons
 a - a +0 war axe
 s - the +2 whip of the Abyss (weapon) {freeze, rF+ rCorr}
   (You found it on level 2 of the Dungeon)

   rF:        It protects you from fire.
   rCorr:     It protects you from acid and corrosion.
 A - a +2 hand axe of venom
 I - a +5 battleaxe
Missiles
 w - a throwing net
Armour
 b - a +0 scale mail
 c - a +0 buckler (worn)
 p - a +0 pair of gloves (worn)
 J - the +1 chain mail of Vampiric Thralls (worn) {rPois Int+2 Dex+3 Stlth-}
   (You found it on level 6 of the Dungeon)

   Int:       It affects your intelligence (+2).
   Dex:       It affects your dexterity (+3).
   rPois:     It protects you from poison.
   Stlth:     It makes you less stealthy.
Jewellery
 r - a ring of protection from cold
 z - a ring of positive energy (left hand)
 G - a +6 ring of dexterity (right hand)
 O - an amulet of regeneration (around neck)
Wands
 L - a wand of charming (8)
 N - a wand of flame (23)
Scrolls
 e - 2 scrolls of fog {unknown}
 g - 11 scrolls of identify {unknown}
 h - 2 scrolls of silence {unknown}
 l - a scroll of torment {unknown}
 m - a scroll of blinking {unknown}
 o - a scroll of revelation {unknown}
 q - 2 scrolls of amnesia {unknown}
 t - 2 scrolls of teleportation {unknown}
 u - 2 scrolls of vulnerability {unknown}
 v - a scroll of enchant weapon {unknown}
 x - a scroll of summoning {unknown}
 y - 2 scrolls of poison {unknown}
 C - a scroll of immolation {unknown}
 D - 2 scrolls of enchant armour {unknown}
 F - 2 scrolls of fear {unknown}
Potions
 d - a potion of might
 f - 4 potions of mutation {unknown}
 i - a potion of berserk rage {unknown}
 j - 3 potions of heal wounds {unknown}
 k - 4 potions of curing {unknown}
 n - 2 potions of cancellation {unknown}
 B - a potion of brilliance {unknown}
 E - a potion of degeneration {unknown}
 H - 2 potions of invisibility {unknown}
 K - a potion of resistance {unknown}
 M - a potion of lignification {unknown}


   Skills:
 + Level 6.7 Fighting
 + Level 4.8(7.1) Axes
 + Level 8.0(8.6) Maces & Flails
 + Level 8.8 Armour
 + Level 3.6 Dodging
 - Level 1.0 Stealth
 + Level 6.8 Shields
 * Level 5.1 Invocations


You had 8 spell levels left.
You didn't know any spells.
Your spell library contained the following spells:

 Spells                   Type           Power      Damage    Failure   Level
 Magic Dart               Conj           0%         1d3       97%         1
 Searing Ray              Conj           0%         2d4       99%         2
 Static Discharge         Conj/Air       0%         2-2/arc   99%         2
 Summon Guardian Golem    Hex/Summ       0%         N/A       100%        3
 Airstrike                Air            0%         2d(0-16)  100%        4
 Fulminant Prism          Conj/Hex       0%         3d5       100%        4
 Summon Lightning Spire   Summ/Air       0%         N/A       100%        4
 Orb of Destruction       Conj           0%         9d5       100%        7
 Spellforged Servitor     Conj/Summ      0%         N/A       100%        7


Dungeon Overview and Level Annotations

Branches:
Dungeon (10/15)            Temple (0/1) D:7
   Lair: D:8-11         Orc: D:9-12

Altars:
Cheibriados
Dithmenos
Fedhas
Gozag
Hepliaklqana
Kikubaaqudgha
Okawaru
Qazlal
Sif Muna
Trog
Xom
The Shining One

Shops:
D:3 *:   D:10 (

Annotations:
D:8 Amaemon


Innate Abilities, Weirdness & Mutations

You have a pair of horns on your head.
You reflexively headbutt those who attack you in melee.


Message History

You barely miss the two-headed ogre.
You headbutt the two-headed ogre, but do no damage.
The two-headed ogre is severely wounded.
You hit the two-headed ogre but do no damage.
Your headbutt misses the two-headed ogre.
The two-headed ogre is severely wounded.
The two-headed ogre hits you with a +0 giant club!
* * * LOW HITPOINT WARNING * * *
The two-headed ogre hits you with a +0 giant club.
* * * LOW HITPOINT WARNING * * *
Aiming: Throw Flame
Press: ? - help, Q - select action, (/) - cycle Shift-Dir - straight line, f/p - two-headed ogre
Aim: a two-headed ogre, wielding two +0 giant clubs (severely wounded, 85% to hit)
The puff of flame hits the two-headed ogre.
The two-headed ogre is severely wounded.
Things that are here:
a +0 spear; a +0 scale mail; a gnoll corpse
Things that are here:
a +0 club; a +0 halberd The two-headed ogre attacks as you move away!
The two-headed ogre hits you with a +0 giant club.
* * * LOW HITPOINT WARNING * * *
The two-headed ogre closely misses you.
The two-headed ogre attacks as you move away!
The two-headed ogre closely misses you. You furiously retaliate!
You headbutt the two-headed ogre, but do no damage.
The two-headed ogre barely misses you.
You see here a +0 mace.
Aiming: Throw Flame
Press: ? - help, Q - select action, (/) - cycle Shift-Dir - straight line, f/p - two-headed ogre
Aim: a two-headed ogre, wielding two +0 giant clubs (severely wounded, 85% to hit)
The puff of flame hits the two-headed ogre.
The two-headed ogre is almost dead.
You barely miss the two-headed ogre.
The two-headed ogre is almost dead.
The two-headed ogre hits you with a +0 giant club!
* * * LOW HITPOINT WARNING * * *
The two-headed ogre hits you with a +0 giant club!!
You die...
Fedhas appreciates your contribution to the ecosystem.

.............##...## ###
........(..........###..#
..(.....................#
......#................#
.[#..##.............####
##.................>.#
#...................# .
##..............#....#
..###...)......<@O..#..)###
..#.#..............).....)#
.............)..####'####)#
................#.^#.#^.#)#
..##..........#.##^#.#^##.#
#.........###.#[^#.#^.#.#
#..........##.##^#.#^##.#
...#.......#....#.^#^#^.#.##
.......######...####+####..#


You could see a two-headed ogre.

Vanquished Creatures
  Joseph (D:8)
  A gargoyle (D:6)
  A shadow (D:8)
  A water moccasin (D:6)
  3 orc warriors
  A hornet zombie (D:5)
  2 black bears (D:6)
  An ogre (D:4)
  A phantom (D:5)
  2 bullfrogs (D:7)
  2 scorpions
  A gnoll sergeant (D:8)
  7 wights
  A wyvern zombie (D:5)
  4 killer bees
  A howler monkey (D:9)
  A bullfrog zombie (D:5)
  A centaur zombie (D:5)
  2 hounds
  An orc priest (D:6)
  2 jellies
  A human zombie (D:5)
  2 iguanas (D:6)
  Natasha (thrice) (D:2)
  3 orc wizards
  2 hound zombies (D:5)
  A mummy (D:5)
  14 gnolls
  7 adders
  A shadow imp (D:8)
  3 white imps
  An ufetubus (D:5)
  2 worms (D:2)
  3 dart slugs
  22 orcs
  4 ball pythons
  8 bats
  8 endoplasms
  5 giant cockroaches (D:3)
  10 hobgoblins
  3 jackals (D:5)
  A quokka (D:3)
  2 frilled lizards
  9 goblins
  9 kobolds
  11 rats
172 creatures vanquished.

Vanquished Creatures (collateral kills)
  A killer bee (D:9)
1 creature vanquished.

Grand Total: 173 creatures vanquished

Notes
Turn   | Place    | Note
-------+----------+-------------------------------------------
     0 | D:1      | randomguy2701 the Minotaur Fighter began the quest for the
                  | Orb.
     0 | D:1      | Reached XP level 1. HP: 19/19 MP: 0/0
    60 | D:1      | Reached XP level 2. HP: 25/27 MP: 1/1
   239 | D:1      | Reached XP level 3. HP: 32/33 MP: 2/2
   804 | D:2      | Found a blossoming altar of Fedhas.
   925 | D:2      | Reached XP level 4. HP: 39/40 MP: 3/3
  1105 | D:2      | Became a worshipper of Fedhas Madash
  1180 | D:2      | Noticed Natasha
  1189 | D:2      | Killed Natasha
  1190 | D:2      | Reached skill level 1 in Dodging
  1248 | D:2      | Identified the +2 whip of the Abyss {freeze, rF+ rCorr}
  1479 | D:2      | Noticed Natasha
  1485 | D:2      | Killed Natasha
  1486 | D:2      | Reached XP level 5. HP: 42/47 MP: 4/4
  1769 | D:2      | Noticed Natasha
  1774 | D:2      | Killed Natasha
  1880 | D:3      | Found Ode Gugi's General Store.
  1902 | D:3      | Found an iron altar of Okawaru.
  2152 | D:3      | Reached * piety under Fedhas
  2420 | D:3      | Found Efuomno's Book Boutique.
  2572 | D:4      | HP: 2/47 [poisoned by an orc]
  2770 | D:4      | Reached XP level 6. HP: 53/53 MP: 5/5
  2860 | D:4      | Reached skill level 1 in Maces & Flails
  2881 | D:4      | Found a bloodstained altar of Trog.
  2881 | D:4      | Found a hazy altar of Hepliaklqana.
  2883 | D:5      | Entered Level 5 of the Dungeon
  2988 | D:5      | Found a shadowy altar of Dithmenos.
  3016 | D:5      | Reached skill level 5 in Armour
  3016 | D:5      | Reached skill level 5 in Shields
  3056 | D:5      | Reached skill level 1 in Stealth
  3094 | D:5      | Reached ** piety under Fedhas
  3283 | D:5      | Found a blossoming altar of Fedhas.
  3369 | D:5      | Reached XP level 7. HP: 55/60 MP: 6/6
  3384 | D:5      | Found a shimmering blue altar of Sif Muna.
  3655 | D:5      | Reached skill level 1 in Invocations
  4283 | D:5      | Reached skill level 5 in Fighting
  4536 | D:5      | Found an ancient bone altar of Kikubaaqudgha.
  4879 | D:5      | Reached XP level 8. HP: 59/68 MP: 8/8
  5080 | D:6      | Reached skill level 5 in Maces & Flails
  5151 | D:6      | Identified the +1 chain mail of Vampiric Thralls {rPois
                  | Int+2 Dex+3 Stlth-}
  5213 | D:6      | Found a stormy altar of Qazlal.
  5363 | D:6      | Noticed a gargoyle
  5430 | D:6      | Killed a gargoyle
  5987 | D:6      | Reached XP level 9. HP: 75/75 MP: 10/10
  6003 | D:6      | Found a snail-covered altar of Cheibriados.
  6441 | D:7      | Found a staircase to the Ecumenical Temple.
  6629 | D:7      | Found a shimmering altar of Xom.
  6629 | D:7      | Found a shimmering altar of Xom.
  6629 | D:7      | Found a shimmering altar of Xom.
  6629 | D:7      | Found a shimmering altar of Xom.
  6631 | D:7      | Found a shimmering altar of Xom.
  6634 | D:7      | Found a shimmering altar of Xom.
  6634 | D:7      | Found a shimmering altar of Xom.
  6634 | D:7      | Found a shimmering altar of Xom.
  6688 | D:7      | Found a glowing golden altar of the Shining One.
  6823 | D:7      | Reached *** piety under Fedhas
  7183 | D:8      | Noticed an orange demon
  7277 | D:7      | Noticed a formless jellyfish
  7293 | D:8      | Noticed Amaemon
  7402 | D:7      | Noticed a dire elephant
  7456 | D:8      | Noticed Joseph
  7478 | D:8      | Killed Joseph
  7495 | D:8      | You fall into a shaft and drop 2 floors!
  7495 | D:10     | Entered Level 10 of the Dungeon
  7541 | D:10     | Found Duin's Weapon Emporium.
  7573 | D:10     | Noticed a two-headed ogre
  7665 | D:9      | Noticed a komodo dragon
  7742 | D:8      | Reached skill level 5 in Invocations
  7854 | D:8      | Found an opulent altar of Gozag.
  7904 | D:8      | Noticed a two-headed ogre
  7936 | D:8      | Mangled by a two-headed ogre

Illustrated notes

Levels and vault maps discovered:
D:1:      spicycebolla_arrival_ecumenical, layout_loops_ring,
          hangedman_decor_growths, minmay_misc_feat_room, minmay_heptomino_o4
D:2:      layout_basic, basic_altar, dk_noncrumbling_3, uniq_natasha
D:3:      layout_rooms, okawaru_ov_weapons_minmay, serial_shops, shop,
          nicolae_shop_real_fake_doors, gup_sewer_entry_pipe
D:4:      layout_loops_ring, mainiacjoe_overflow_catwalk_spiral,
          supply_closet_lemuel, grunt_decor_clamped, uniq_sigmund
D:5:      layout_loops_corners, lemuel_tele_altar,
          lemuel_mausoleum_altar_kikubaaqudgha, nicolae_sif_muna_condensation,
          mainiacjoe_overflow_brackets
D:6:      layout_gridville, mainiacjoe_overflow_24_doors, lemuel_crystal_altar
D:7:      layout_basic, lemuel_doored_altar, xom_shifter_show,
          minmay_temple_entry_statues_fountains
D:8:      minmay_separated_statues, layout_cave_pools,
          grunt_temple_overflow_open, nicolae_gozag_seed_capital,
          grunt_tough_drop, uniq_amaemon, uniq_joseph
D:9:      layout_rooms, david_lair_shrubbed
D:10:     layout_rooms, lightli_temple_of_fire, nicolae_stop_n_shop_2,
          uniq_erica

Skill      XL: |  1  2  3  4  5  6  7  8  9 |
---------------+----------------------------+-----
Axes           | 3 4 |  4.8
Armour         | 4 5 6 7 8 |  8.8
Shields        | 4 5 6 |  6.8
Fighting       | 4 5 6 |  6.7
Dodging        | 1 2 3 |  3.6
Maces & Flails | 2 4 6 8 |  8.0
Stealth        | 1 |  1.0
Invocations    | 2 3 5 |  5.1

Action                     |  1- 3 |  4- 6 |  7- 9 || total
---------------------------+-------+-------+-------++-------
  Melee: War axe           |    72 |    29 |       ||   101
         Headbutt          |     6 |    21 |    80 ||   107
         Whip              |       |   133 |   360 ||   493
 Invoke: Wall of Briars    |       |     1 |     1 ||     2
  Evoke: Wand              |       |       |     6 ||     6
 Armour: Scale mail        |    24 |    64 |    36 ||   124
         Chain mail        |       |       |    79 ||    79
  Dodge: Dodged            |    30 |    69 |   109 ||   208
  Block: Buckler           |    17 |    39 |    78 ||   134

Table legend: (Time is in decaauts)
 A = Elapsed time spent in this place.
 B = Non-inter-level travel time spent in this place.
 C = Inter-level travel time spent in this place.
 D = Time resting spent in this place.
 E = Time spent auto-exploring this place.
 F = Levels seen in this place.
 G = Mean time per level.
                   A        B        C        D        E       F      G
               +--------+--------+--------+--------+--------+-----+--------+
         Total |   7903 |   7386 |    517 |   1333 |   4536 |  10 |  790.3 |
       Dungeon |   7903 |   7386 |    517 |   1333 |   4536 |  10 |  790.3 |
               +--------+--------+--------+--------+--------+-----+--------+

Top non-repeatable levels by time:
     D:5: 2479 daAuts
     D:7: 1182 daAuts
     D:2: 1009 daAuts
     D:1: 817 daAuts
     D:3: 783 daAuts
     D:6: 712 daAuts
     D:8: 401 daAuts
     D:4: 318 daAuts
    D:10: 116 daAuts
     D:9: 82 daAuts
